 Dungeon Crawl Stone Soup version 0.29-a0-925-g0a7a3d12f8 (webtiles) character file.

Game seed: 12608057525264679625

3378 mcwallace the Thaumaturge (level 9, -4/45 HPs)
             Began as a Deep Elf Fire Elementalist on July 29, 2022.
             Was a Follower of Vehumet.
             Killed from afar by an electric eel (9 damage)
             ... with a bolt of electricity
             ... on level 8 of the Dungeon.
             The game lasted 00:22:05 (10145 turns).

mcwallace the Thaumaturge (DEFE)                   Turns: 10145, Time: 00:22:05

Health: -4/45      AC:  6    Str:  7    XL:     9   Next: 74%
Magic:  17/23      EV: 18    Int: 30    God:    Vehumet [*.....]
Gold:   449        SH:  0    Dex: 15    Spells: 18/25 levels left

rFire   . . .      SeeInvis +   Y - +3 sling "Vurith" {venom, Str+2 Int+5}
rCold   . . .      Faith    .   (no shield)
rNeg    . . .      Spirit   .   v - +1 leather armour {rPois}
rPois   +          Reflect  .   y - +0 helmet
rElec   .          Harm     .   X - +0 cloak
rCorr   .          Rampage  .   (no gloves)
Will    .....                   (no boots)
Stlth   ++........              (no amulet)
HPRegen 0.15/turn               M - +4 ring of evasion
MPRegen 0.18/turn               I - ring of see invisible

@: no status effects
A: no striking features
a: Renounce Religion


You were on level 8 of the Dungeon.
You worshipped Vehumet.
Vehumet was aware of your devotion.
You visited 2 branches of the dungeon, and saw 9 of its levels.

You collected 573 gold pieces.
You spent 124 gold pieces at shops.


   Skills:
 + Level 7.5 Dodging
 - Level 2.4 Stealth
 + Level 8.5 Spellcasting
 + Level 6.6 Conjurations
 + Level 7.4 Fire Magic
 - Level 4.4 Ice Magic
 + Level 3.4 Air Magic
 + Level 3.8 Evocations


You had 18 spell levels left.
You knew the following spells:

 Your Spells              Type           Power      Damage    Failure   Level
a - Foxfire               Conj/Fire      100%       2x1d9     1%          1
b - Scorch                Fire           100%       2d10      1%          2
c - Flame Wave            Conj/Fire      53%        2d13      3%          4

Your spell library contained the following spells:

 Spells                   Type           Power      Damage    Failure   Level
 Freeze                   Ice            100%       1d11      1%          1
 Conjure Flame            Conj/Fire      53%        6-21      1%          3
 Inner Flame              Hex/Fire       35%        N/A       4%          3
 Mephitic Cloud           Conj/Pois/Air  33%        N/A       4%          3
 Ignite Poison            Fire/Tmut/Pois 27%        N/A       7%          3
 Freezing Cloud           Conj/Ice/Air   20%        6-21      24%         5
 Ignition                 Fire           27%        3d9       100%        8

Inventory:

Hand Weapons
 d - a +0 spear {polearm}
   (You found it on level 1 of the Dungeon)
 i - a +0 broad axe {axe}
   (You found it on level 1 of the Dungeon)
 Y - the +3 sling "Vurith" (weapon) {venom, Str+2 Int+5}
   (You took it off an orc on level 3 of the Dungeon)

   Any ammunition fired from it poisons the flesh of those it strikes.
   Str:       It affects your strength (+2).
   Int:       It affects your intelligence (+5).
Missiles
 e - 72 stones {throwing}
 l - 9 poisoned darts {throwing}
 A - 9 boomerangs {throwing}
 W - 3 atropa-tipped darts {throwing}
Armour
 a - a +1 robe
 n - a +0 scale mail
   (You took it off an orc on level 7 of the Dungeon)
 r - a +0 plate armour
   (You took it off an orc warrior on level 7 of the Dungeon)
 t - a +0 scale mail
   (You took it off an orc on level 7 of the Dungeon)
 v - a +1 leather armour of poison resistance (worn)
   (You took it off Duvessa on level 7 of the Dungeon)
 x - a +0 animal skin
   (You took it off Robin on level 4 of the Dungeon)
 y - a +0 helmet (worn)
   (You took it off Robin on level 4 of the Dungeon)
 B - a +0 ring mail
   (You took it off an orc on level 4 of the Dungeon)
 C - a +0 scale mail
   (You took it off an orc on level 4 of the Dungeon)
 G - a +0 scale mail
   (You took it off Ijyb on level 4 of the Dungeon)
 Q - a +0 ring mail
   (You found it on level 5 of the Dungeon)
 R - a +0 scale mail
   (You found it on level 5 of the Dungeon)
 T - a +0 chain mail
   (You found it on level 6 of the Dungeon)
 V - a +0 leather armour
   (You found it on level 6 of the Dungeon)
 X - a +0 cloak (worn)
   (You found it on level 3 of the Dungeon)
 Z - the +1 scale mail of Thoughtfulness {Rampage Stlth+}
   (You took it off an orc on level 3 of the Dungeon)

   Rampage:   It bestows one free step when moving towards enemies.
   Stlth:     It makes you more stealthy.
Magical Staves
 g - a staff of conjuration {!a@e2staff}
   (You took it off an orc on level 7 of the Dungeon)
Jewellery
 w - a ring of positive energy
   (You found it on level 3 of the Dungeon)
 I - a ring of see invisible (right hand)
   (You took it off Ijyb on level 4 of the Dungeon)
 M - a +4 ring of evasion (left hand)
   (You found it on level 5 of the Dungeon)
 N - a ring of magical power
   (You found it on level 5 of the Dungeon)
 P - a +6 ring of intelligence
   (You found it on level 5 of the Dungeon)
Wands
 D - a wand of quicksilver (4)
   (You took it off Natasha on level 4 of the Dungeon)
 H - a wand of polymorph (7)
   (You took it off Ijyb on level 4 of the Dungeon)
Scrolls
 f - 2 scrolls of fear
 h - 3 scrolls of amnesia
 j - 2 scrolls of torment {!r}
 k - 2 scrolls of teleportation {@r4}
 m - 2 scrolls of magic mapping {!r}
 p - 2 scrolls of butterflies
 K - 3 scrolls of enchant weapon
 S - a scroll of poison {!r}
 U - a scroll of immolation {unknown}
Potions
 b - a potion of magic
 c - 5 potions of invisibility
 o - a potion of brilliance {unknown}
 q - a potion of mutation {unknown}
 s - a potion of degeneration {unknown}
 u - 2 potions of haste {unknown}
 z - a potion of curing {@q1}
 E - a potion of lignification {unknown}
 F - 2 potions of heal wounds {@q2}
 J - a potion of berserk rage {unknown}
 L - a potion of might
 O - a potion of attraction {unknown}

Dungeon Overview and Level Annotations

Branches:
Dungeon (8/15) Zot: 26620  Temple (1/1) D:4 Zot: 5985
   Lair: D:8-11

Altars:
Ashenzari
Cheibriados
Dithmenos
Elyvilon
Gozag
Hepliaklqana
Kikubaaqudgha
Makhleb
Okawaru
Trog
Uskayaw
Vehumet
Wu Jian
Xom
Yredelemnul
Zin
The Shining One

Shops:
D:6 :[??

########.###.#
#####. #.###.#
## #.#.)## #
#.#.## #.#.#
#.###
########.#
.........#
##.#####@#
#.†....≈#
#.†...S≈#
#.'..!.≈#
..#....≈≈
#.#♣....≈ ..#
..... #.#
#....


You could see an electric eel.


Message History

Things that are here:
a +0 halberd {polearm}; a +0 robe You now have 449 gold pieces (gained 20).
e - 72 stones {throwing} (gained 7)
Found a stone staircase leading down.
K - 3 scrolls of enchant weapon (gained 1)
There is a stone staircase leading down here.
A water moccasin comes into view.
Fire: Y) +3 sling "Vurith" {venom, Str+2 Int+5}
Press: ? - help, Q - select action, (/) - cycle Shift-Dir - straight line, f - water moccasin
Aim: a water moccasin (asleep, 98% to hit)
You shoot a sling bullet.
The sling bullet hits the water moccasin.
The water moccasin closely misses you.
Casting: Flame Wave (dangerous; 3% risk of failure)
Confirm with . or Enter, or press ? or * to list all spells.
Flames lash the water moccasin.
The water moccasin's fire resistance burns away.
The water moccasin misses you. 😎 MP[-2]
You lost 2 mp, and now have 21/23 mp.
Casting: Scorch (safe; 1% risk of failure)
Confirm with . or Enter, or press ? or * to list all spells.
Flames lash the water moccasin.
The water moccasin is burned terribly!
You kill the water moccasin!
Vehumet accepts your kill. 😎 MP[-2]
You lost 2 mp, and now have 19/23 mp.
You see here a water moccasin corpse.
An orc comes into view. It is wielding a +0 whip. 😎 MP[+4]
Your mp is fully restored (23).
Fire: Y) +3 sling "Vurith" {venom, Str+2 Int+5}
Press: ? - help, Q - select action, (/) - cycle Shift-Dir - straight line, f - orc
Aim: an orc, wielding a +0 whip (wandering, hasn't noticed you, 59% to hit)
You shoot a sling bullet. The orc shouts!
The sling bullet hits the orc.
Fire: Y) +3 sling "Vurith" {venom, Str+2 Int+5}
Press: ? - help, Q - select action, (/) - cycle Shift-Dir - straight line, f/p - orc
Aim: an orc, wielding a +0 whip (severely wounded, 59% to hit)
You shoot a sling bullet. The sling bullet hits the orc!
You kill the orc!
Vehumet accepts your kill.
No target in view!
You see here a +0 whip {mace}.
You see here a +0 spear {polearm}.
You see here a +0 spear {polearm}.
You see here a +0 whip {mace}.
You open the gate.
An acid dragon comes into view.
Fire: Y) +3 sling "Vurith" {venom, Str+2 Int+5}
Press: ? - help, Q - select action, (/) - cycle Shift-Dir - straight line, f - acid dragon
Aim: an acid dragon (asleep, 98% to hit)
You shoot a sling bullet. The sling bullet hits the acid dragon.
The acid dragon roars!
The acid dragon spits acid at you. The splash of acid misses you.
An electric eel comes into view.
A wyvern comes into view.
Casting: Scorch (safe; 1% risk of failure)
Confirm with . or Enter, or press ? or * to list all spells.
Flames lash the wyvern.
The wyvern's fire resistance burns away.
The wyvern completely misses you. The wyvern closely misses you. 😎 MP[-2]
You lost 2 mp, and now have 21/23 mp.
Casting: Scorch (safe; 1% risk of failure)
Confirm with . or Enter, or press ? or * to list all spells.
Flames lash the acid dragon.
The acid dragon's fire resistance burns away.
The wyvern barely misses you. 😎 MP[-2]
You lost 2 mp, and now have 19/23 mp.
Casting: Scorch (safe; 1% risk of failure)
Confirm with . or Enter, or press ? or * to list all spells.
Casting: Flame Wave (dangerous; 3% risk of failure)
Press: ? - help, Dir - look around, f - activate A wave of flame ripples out!
The flame wave engulfs the wyvern!
The wyvern is burned terribly!
You kill the wyvern!
Vehumet accepts your kill.
You feel your power returning. (Press . to intensify the flame waves.)
The electric eel shoots out a bolt of lightning at you!
The bolt of electricity hits you! x2
The acid dragon spits acid at you. The splash of acid hits you!!
* * * LOW HITPOINT WARNING * * *
😱 HP[-40] MP[-2]
You take 40 damage, and now have 5/45 hp.
MASSIVE DAMAGE!! (PAUSE)
You lost 2 mp, and now have 17/23 mp.
A wave of flame ripples out!
The flame wave engulfs the acid dragon!
The acid dragon is burned terribly!
You kill the acid dragon!
Vehumet accepts your kill.
You feel your power returning.
The electric eel shoots out a bolt of lightning at you!
The bolt of electricity hits you!
You die...

Skill      XL: |  1  2  3  4  5  6  7  8  9 |
---------------+----------------------------+-----
Dodging        | 3 4 5 6 7 |  7.5
Conjurations   | 2 3 4 5 6 |  6.6
Spellcasting   | 4 5 6 7 8 |  8.5
Fire Magic     | 4 5 6 7 |  7.4
Ice Magic      | 1 2 3 4 |  4.4
Evocations     | 2 3 |  3.8
Air Magic      | 1 3 |  3.4
Stealth        | |  2.4

Action                   |  1- 3 |  4- 6 |  7- 9 || total
-------------------------+-------+-------+-------++-------
Melee: Spear             |     5 |       |       ||     5
       Broad axe         |    12 |    12 |     7 ||    31
 Fire: Sling             |       |       |    57 ||    57
 Cast: Foxfire           |   110 |   161 |   134 ||   405
       Scorch            |       |     4 |     9 ||    13
       Flame Wave        |       |       |    13 ||    13
  Use: Scroll            |       |       |    13 ||    13
 Stab: Sleeping          |     1 |       |       ||     1
Armor: Robe              |     3 |     5 |     7 ||    15
       Leather armour    |       |       |     2 ||     2
Dodge: Dodged            |    16 |    23 |    84 ||   123

Levels and vault maps discovered:
D:1:      psy_arrival_radial02, layout_loops_ring
D:2:      layout_rooms, nicolae_concentric_dashed_squares_wild, kennysheep_boxes
D:3:      layout_loops_cross, mainiacjoe_overflow_boulevard,
          mainiacjoe_overflow_surrounded_room, biasface_ghost_orc_armoury,
          chequers_serial_rivers_micro_d
D:4:      layout_cave_pools, overflow_temple_1_default,
          nicolae_overflow_hidden_temple, minmay_temple_entry_enclosed_plants,
          uniq_natasha, uniq_robin, uniq_ijyb
D:5:      layout_basic, dk_noncrumbling_2
D:6:      layout_loops_ring, serial_shops, shop, shop, shop_statue, shop,
          serial_bayou_pond_c
D:7:      layout_rooms, mainiacjoe_overflow_brackets, uniq_duvessa, uniq_pikel
D:8:      layout_loops_ring, kennysheep_donut, kennysheep_another_room
Temple:   nicolae_temple_no_exploring_needed

Notes
Turn   | Place    | Note
-------+----------+-------------------------------------------
     0 | D:1      | mcwallace the Deep Elf Fire Elementalist began the quest
                  | for the Orb.
     0 | D:1      | Reached XP level 1. HP: 10/10 MP: 6/6
     0 | D:1      | magus.rc [v1.9.6]
   421 | D:1      | Reached XP level 2. HP: 15/15 MP: 5/8
  1650 | D:2      | Reached skill level 3 in Dodging
  1650 | D:2      | Reached skill level 2 in Conjurations
  1650 | D:2      | Reached XP level 3. HP: 19/19 MP: 5/10
  1764 | D:2      | Learned a level 2 spell: Scorch
  2333 | D:2      | Reached skill level 4 in Spellcasting
  2333 | D:2      | Reached XP level 4. HP: 24/24 MP: 7/12
  2664 | D:3      | Got Sif Muna's Volume of the Blaze
  2708 | D:3      | Reached skill level 4 in Fire Magic
  2783 | D:3      | Found a runed translucent gate.
  2783 | D:3      | Found a runed translucent gate.
  2785 | D:3      | Found a runed translucent gate.
  2786 | D:3      | Noticed lesaewzxc's ghost (weakling HOHu)
  2788 | D:3      | Identified the +3 sling "Vurith" {venom, Str+2 Int+5}
  2788 | D:3      | Identified the +1 scale mail of Thoughtfulness {Rampage
                  | Stlth+}
  2850 | D:3      | Found an ornate altar of the Wu Jian Council.
  2855 | D:3      | You add the spells Ignite Poison, Mephitic Cloud and
                  | Freezing Cloud to your library.
  3417 | D:3      | Found a hazy altar of Hepliaklqana.
  3645 | D:4      | Noticed Robin
  3655 | D:4      | Killed Robin
  3787 | D:4      | HP: 6/24 [ball python (2)]
  3793 | D:4      | Reached XP level 5. HP: 3/28 MP: 9/13
  3795 | D:4      | HP: 2/28 [orc/+0 hand axe (2)]
  4174 | D:4      | Found a snail-covered altar of Cheibriados.
  4181 | D:4      | Reached skill level 1 in Ice Magic
  4256 | D:4      | Noticed Natasha
  4260 | D:4      | Killed Natasha
  4261 | D:4      | Reached skill level 3 in Conjurations
  4263 | D:4      | Reached skill level 4 in Dodging
  4269 | D:4      | Found a basalt altar of Yredelemnul.
  4275 | D:4      | Noticed Ijyb
  4375 | D:4      | Noticed Natasha
  4380 | D:4      | Killed Natasha
  4381 | D:4      | Reached XP level 6. HP: 32/32 MP: 9/15
  4565 | D:4      | Noticed Natasha
  4569 | D:4      | HP: 5/32 [Natasha/magic dart (6)]
  4570 | D:4      | Killed Natasha
  4877 | D:4      | Killed Ijyb
  4878 | D:4      | Reached skill level 5 in Spellcasting
  5076 | D:4      | Reached skill level 2 in Ice Magic
  5288 | D:4      | Found a staircase to the Ecumenical Temple.
  5294 | Temple   | Entered the Ecumenical Temple
  5301 | Temple   | Became a worshipper of Vehumet
  5384 | D:4      | Learned a level 4 spell: Flame Wave
  5386 | D:5      | Entered Level 5 of the Dungeon
  5732 | D:5      | Reached skill level 5 in Fire Magic
  5732 | D:5      | Reached XP level 7. HP: 36/36 MP: 6/17
  6012 | D:5      | Reached skill level 4 in Conjurations
  6012 | D:5      | Reached skill level 3 in Ice Magic
  6215 | D:5      | Reached skill level 5 in Dodging
  6383 | D:5      | Reached skill level 6 in Spellcasting
  6914 | D:6      | Found Xocwe's Magic Scroll Emporium.
  6922 | D:6      | Bought a scroll of identify for 28 gold pieces
  6922 | D:6      | Bought a scroll of identify for 28 gold pieces
  6922 | D:6      | Bought a scroll of identify for 28 gold pieces
  6990 | D:6      | Found Peihoy Liank's Book Shoppe.
  7288 | D:6      | Reached XP level 8. HP: 41/41 MP: 12/19
  7370 | D:6      | Found Quysi's Magic Scroll Boutique.
  7379 | D:6      | Bought a scroll of identify for 20 gold pieces
  7379 | D:6      | Bought a scroll of identify for 20 gold pieces
  7442 | D:6      | Reached skill level 4 in Ice Magic
  7550 | D:6      | Reached skill level 5 in Conjurations
  7550 | D:6      | Reached skill level 6 in Fire Magic
  7674 | D:6      | Reached skill level 6 in Dodging
  7842 | D:6      | Found Rynkuibo's Armour Emporium.
  8184 | D:3      | Killed lesaewzxc's ghost
  8185 | D:3      | Reached skill level 7 in Spellcasting
  8429 | D:7      | Reached skill level 1 in Evocations
  8435 | D:7      | Reached skill level 1 in Air Magic
  8679 | D:7      | HP: 10/41 [steam dragon] (10)]
  8682 | D:7      | Reached skill level 2 in Evocations
  8682 | D:7      | Reached XP level 9. HP: 11/45 MP: 13/22
  8916 | D:7      | Reached * piety under Vehumet
  8916 | D:7      | Offered knowledge of Freeze by Vehumet.
  8920 | D:7      | Reached skill level 2 in Air Magic
  9197 | D:7      | Noticed Dowan
  9199 | D:7      | Noticed Duvessa
  9211 | D:7      | Killed Duvessa
  9211 | D:7      | Killed Dowan
  9212 | D:7      | Reached skill level 6 in Conjurations
  9422 | D:7      | Reached skill level 7 in Dodging
  9524 | D:7      | Noticed Pikel
  9529 | D:7      | Killed Pikel
  9530 | D:7      | Reached skill level 8 in Spellcasting
  9530 | D:7      | Reached skill level 7 in Fire Magic
  9530 | D:7      | Reached skill level 3 in Air Magic
  9530 | D:7      | Reached skill level 3 in Evocations
  9562 | D:7      | Found a glowing golden altar of the Shining One.
  9567 | D:7      | Identified the +2 robe "Ituoriwale" {rPois}
 10144 | D:8      | HP: 5/45 [acid dragon/splash of acid (20)]
 10145 | D:8      | Killed from afar by an electric eel

Vanquished Creatures
  Pikel (D:7)
  A wyvern (D:8)
  A steam dragon (D:7)
  An acid dragon (D:8)
  A water moccasin (D:8)
  Duvessa (D:7)
  An orc warrior (D:7)
  2 black bears (D:6)
  An ice beast (D:5)
  An ogre (D:5)
  4 lemures (D:7)
  A phantom (D:5)
  5 scorpions
  4 necrophages
  6 wights
  Dowan (D:7)
  The ghost of lesaewzxc the Shooter, a weakling HOHu (D:3)
  6 killer bees (D:7)
  3 jellies
  3 orc priests
  3 hounds
  4 iguanas
  Ijyb (D:4)
  Natasha (thrice) (D:4)
  An orc wizard (D:7)
  Robin (D:4)
  10 adders
  A shadow imp (D:5)
  3 white imps
  2 ufetubi
  A worm (D:4)
  A dart slug (D:2)
  23 orcs
  10 ball pythons
  8 endoplasms
  A giant cockroach (D:1)
  12 goblins
  9 hobgoblins
  4 quokkas
  4 bats
  3 frilled lizards
  6 kobolds
  4 rats
160 creatures vanquished.

Vanquished Creatures (collateral kills)
  8 foxfires (D:2)
8 creatures vanquished.

Vanquished Creatures (others)
  659 foxfires
659 creatures vanquished.

Grand Total: 827 creatures vanquished

Table legend:
 A = Non-vault XP
 B = Vault XP
 C = Vault XP percentage of total XP
 D = Non-vault monster count
 E = Vault monster count
 F = Vault count percentage of total count
                 A         B        C        D         E       F
            +---------+---------+-------+---------+---------+-------
      Total |    3947 |    1043 |  20.9 |     132 |      24 |  15.4
            +---------+---------+-------+---------+---------+-------
        D:1 |      35 |       0 |   0.0 |      23 |       0 |   0.0
        D:2 |      73 |       0 |   0.0 |      14 |       0 |   0.0
        D:3 |      38 |     125 |  76.7 |      13 |       8 |  38.1
        D:4 |     299 |     102 |  25.4 |      24 |      13 |  35.1
        D:5 |     774 |       0 |   0.0 |      14 |       0 |   0.0
        D:6 |     628 |       0 |   0.0 |      11 |       0 |   0.0
        D:7 |    1276 |     816 |  39.0 |      23 |       3 |  11.5
        D:8 |     824 |       0 |   0.0 |      10 |       0 |   0.0
            +---------+---------+-------+---------+---------+-------

Illustrated notes

Table legend:
 A = Kills in this place as a percentage of kills in entire the game.
 B = Kills by you in this place as a percentage of kills by you in the entire game.
 C = Kills by friends in this place as a percentage of kills by friends in the entire game.
 D = Other kills in this place as a percentage of other kills in the entire game.
 E = Experience gained in this place as a percentage of experience gained in the entire game.
 F = Experience gained in this place divided by the number of levels of this place that you have seen.
                   A       B       C       D       E      F
               +-------+-------+-------+-------+-------+----------------------
         Total | 100.0 | 100.0 |   N/A |   N/A | 100.0 | 554.4
       Dungeon | 100.0 | 100.0 |   N/A |   N/A | 100.0 | 623.8
               +-------+-------+-------+-------+-------+----------------------

Table legend: (Time is in decaauts)
 A = Elapsed time spent in this place.
 B = Non-inter-level travel time spent in this place.
 C = Inter-level travel time spent in this place.
 D = Time resting spent in this place.
 E = Time spent auto-exploring this place.
 F = Levels seen in this place.
 G = Mean time per level.
                   A        B        C        D        E       F      G
               +--------+--------+--------+--------+--------+-----+--------+
         Total |  10195 |   9688 |    507 |    768 |   7824 |   9 | 1132.8 |
       Dungeon |  10180 |   9673 |    507 |    768 |   7824 |   8 | 1272.5 |
        Temple |     14 |     14 |      0 |      0 |      0 |   1 |   14.0 |
               +--------+--------+--------+--------+--------+-----+--------+

Top non-repeatable levels by time:
     D:4: 1885 daAuts
     D:6: 1717 daAuts
     D:1: 1651 daAuts
     D:5: 1581 daAuts
     D:3: 1214 daAuts
     D:2: 962 daAuts
     D:7: 789 daAuts
     D:8: 378 daAuts
  Temple: 14 daAuts
